AoeStats
← crypto_zhupel

Arena

504761162Analyzed
2v2 RM · 25d ago on Sep 6, 2026· 43m 11s· 4 players
Game mode
Random Map
Map size
Medium (4 player)
Population
200
Speed
Normal
Resources
Standard
Victory
Conquest
Starting age
Dark Age
Ending age
Imperial Age
RankedLock teamsTeams togetherTeam positionsShared explorationLock speedFull tech treeHidden civsTurbo modeCheats
Victory
Defeat
🇷🇺 Aztecs · Russia
1427
+21
🇷🇺 Bulgarians · Russia
1408
+21
🇩🇪 Saracens · Germany
1549
-21
🇹🇷 Teutons · Türkiye
1518
-21
Arda Asar
6:09 Loom
9:24 Feudal Age
12:08 Fletching
14:50 Double-Bit Axe
17:32 Horse Collar
18:19 Town Watch
19:46 Stone Mining
25:30 Castle Age
23:33 Gold Mining
26:21 Bodkin Arrow
27:04 Bow Saw
31:30 Imperial Age
30:46 Wheelbarrow
30:54 Heavy Plow
35:11 Forging
35:01 Scale Mail Armor
36:19 Chemistry
40:06 Conscription
41:02 Two-Man Saw
40:38 Crop Rotation
40:30 Bloodlines
40:55 Scale Barding Armor
40:59 Cavalier
I_hate_arabia
10:02 Feudal Age
13:54 Castle Age
12:54 Loom
13:10 Double-Bit Axe
20:57 Fletching
25:43 Fervor
27:17 Wheelbarrow
27:23 Bow Saw
26:56 Horse Collar
30:33 Hand Cart
30:52 Town Watch
34:31 Imperial Age
33:17 Heavy Plow
34:21 Scale Barding Armor
34:56 Gold Mining
35:27 Bloodlines
35:17 Husbandry
35:06 Light Cavalry
36:11 Chain Barding Armor
36:30 Conscription
36:07 Hussar
37:44 Plate Barding Armor
38:41 Forging
39:40 Murder Holes
41:41 Iron Casting
youteGG_mangoneluser
6:35 Loom
9:30 Feudal Age
15:57 Fletching
19:39 Double-Bit Axe
21:09 Horse Collar
24:24 Castle Age
23:13 Stone Mining
23:15 Gold Mining
24:07 Wheelbarrow
25:23 Bodkin Arrow
30:52 Town Watch
33:50 Imperial Age
31:54 Town Watch
32:27 Forging
34:59 Siege Engineers
36:13 Scale Mail Armor
36:23 Capped Ram
37:26 Siege Ram
39:17 Chain Mail Armor
39:37 Iron Casting
40:48 Hand Cart
40:35 Pikeman
41:16 Squires
40:42 Eagle Warrior
42:38 Plate Mail Armor
42:11 Elite Eagle Warrior
42:54 Squires
44:20 Blast Furnace
43:50 Fervor
crypto_zhupel
7:14 Loom
9:33 Feudal Age
13:48 Fletching
14:13 Double-Bit Axe
21:35 Wheelbarrow
23:36 Castle Age
22:09 Horse Collar
25:18 Bow Saw
26:43 Heavy Plow
28:54 Wheelbarrow
30:57 Scale Mail Armor
31:01 Gold Mining
31:46 Chain Mail Armor
32:01 Forging
32:29 Stone Mining
33:06 Hand Cart
33:36 Iron Casting
36:02 Imperial Age
32:59 Pikeman
33:41 Squires
34:28 Gambesons
34:32 Arson
37:53 Blast Furnace
37:24 Plate Mail Armor
37:01 Bagains
37:21 Conscription
38:45 Scale Barding Armor
38:04 Light Cavalry
39:37 Hussar
42:34 Chain Barding Armor
Connection lost

Rejoining the realm…

Still unreachable

The connection could not be restored.

Session expired

The server has moved on; the page needs a fresh start.